 Dungeon Crawl Stone Soup version 0.29-a0-821-g66395355a5 (webtiles) character file.

Game seed: 10069367243794652974

2950 Pooter the Skirmisher (level 9, -18/79 HPs)
             Began as a Minotaur Hunter on July 7, 2022.
             Was an Initiate of Trog.
             Demolished by Gastronok (28 damage)
             ... on level 8 of the Dungeon.
             The game lasted 00:36:44 (7076 turns).

Pooter the Skirmisher (Minotaur Hunter)             Turns: 7076, Time: 00:36:44

Health: -18/79     AC: 15    Str: 20    XL:     9   Next: 51%
Magic:  8/8        EV:  7    Int:  8    God:    Trog [......]
Gold:   488        SH:  0    Dex: 20    Spells: 8/8 levels left

rFire   . . .      SeeInvis .   a - +3 war axe
rCold   + . .      Faith    .   (no shield)
rNeg    . . .      Spirit   .   f - +2 plate armour
rPois   .          Reflect  .   (helmet restricted)
rElec   .          Harm     .   (no cloak)
rCorr   .          Rampage  .   c - +0 pair of gloves
Will    .....                   z - +0 pair of boots
Stlth   ..........              (no amulet)
HPRegen 0.23/turn               H - +6 ring of dexterity
MPRegen 0.11/turn               I - ring of the Shining One's Whim {rC+ Int+2 Slay+3}

@: no status effects
A: horns 2, retaliatory headbutt
a: Renounce Religion


You were on level 8 of the Dungeon.
You worshipped Trog.
Trog was noncommittal.
You visited 2 branches of the dungeon, and saw 9 of its levels.

You collected 488 gold pieces.

Inventory:

Hand Weapons
 a - a +3 war axe (weapon)
   (You took it off an orc on level 5 of the Dungeon)
 b - a +0 shortbow
 m - a +0 whip
   (You found it on level 1 of the Dungeon)
 o - a +0 spear
   (You found it on level 1 of the Dungeon)
 q - a +0 sling
   (You took it off a goblin on level 3 of the Dungeon)
 y - a +0 quarterstaff
   (You found it on level 1 of the Dungeon)
 G - a +1 morningstar
   (You took it off a wight on level 6 of the Dungeon)
 K - a +2 scimitar of flaming
   (You took it off Maggie on level 7 of the Dungeon)
Missiles
 n - 3 poisoned darts
 x - 2 throwing nets {!f}
 L - 3 boomerangs (quivered)
 Q - 32 stones
Armour
 c - a +0 pair of gloves (worn)
   (You found it on level 1 of the Dungeon)
 f - a +2 plate armour (worn)
   (You found it on level 1 of the Dungeon)
 z - a +0 pair of boots (worn)
   (You found it on level 5 of the Dungeon)
Jewellery
 C - a ring of willpower
   (You found it on level 7 of the Dungeon)
 F - a ring of protection from fire
   (You found it on level 6 of the Dungeon)
 H - a +6 ring of dexterity (left hand)
   (You found it on level 6 of the Dungeon)
 I - the ring of the Shining One's Whim (right hand) {rC+ Int+2 Slay+3}
   (You found it on level 2 of the Dungeon)

   [ring of protection from cold]

   Int:       It affects your intelligence (+2).
   Slay:      It affects your accuracy & damage with ranged weapons and melee
   (+3).
   rC:        It protects you from cold.
 P - a ring of poison resistance
   (You found it on level 2 of the Dungeon)
 S - a ring of see invisible
   (You found it on level 1 of the Dungeon)
Wands
 d - a wand of iceblast (9)
   (You took it off Psyche on level 8 of the Dungeon)
 u - a wand of paralysis (7)
   (You found it on level 6 of the Dungeon)
 D - a wand of digging (4)
   (You found it on level 4 of the Dungeon)
Scrolls
 g - a scroll of summoning
 k - a scroll of amnesia
 r - a scroll of fog
 t - 4 scrolls of teleportation {@r4}
 w - 3 scrolls of noise {!r}
 B - 2 scrolls of fear
Potions
 e - a potion of curing {@q1}
 h - 3 potions of degeneration {unknown}
 i - 3 potions of haste {unknown}
 j - a potion of resistance {unknown}
 l - 2 potions of magic {unknown}
 p - a potion of might {unknown}
 s - a potion of berserk rage {unknown}
 v - a potion of heal wounds {unknown}
 E - a potion of brilliance {unknown}
 J - a potion of attraction {unknown}


   Skills:
 + Level 7.0 Fighting
 * Level 8.1 Axes
 - Level 2.7 Staves
 * Level 9.7 Ranged Weapons
 - Level 2.0 Throwing
 - Level 2.8 Armour
 - Level 2.1 Dodging
 - Level 2.3 Stealth
 + Level 2.6 Evocations


You had 8 spell levels left.
You didn't know any spells.
Your spell library contained the following spells:

 Spells                   Type           Power      Damage    Failure   Level
 Tukima's Dance           Hex            0%         N/A       100%        3
 Passage of Golubria      Tloc           0%         N/A       100%        4
 Yara's Violent Unravell  Hex/Tmut       0%         3d3       100%        5
 Iron Shot                Conj/Erth      0%         9d1       100%        6
 Starburst                Conj/Fire      0%         6d3       100%        6
 Statue Form              Tmut/Erth      0%         N/A       100%        6


Dungeon Overview and Level Annotations

Branches:
Dungeon (8/15)             Temple (1/1) D:6
   Lair: D:8-11

Altars:
Ashenzari
Cheibriados
Elyvilon
Fedhas
Gozag
Makhleb
Okawaru
Qazlal
Ru
Trog
Uskayaw
Vehumet
Wu Jian
Yredelemnul

Shops:
D:1 :

Annotations:
D:7 4 runed translucent doors
D:8 Gastronok, Prince Ribbit


Innate Abilities, Weirdness & Mutations

You have a pair of horns on your head.
You reflexively headbutt those who attack you in melee.


Message History

You now have 488 gold pieces (gained 6).
d - a wand of iceblast (9);
L - 3 boomerangs (quivered)
Things that are here:
a +4 dagger of chaos; a +0 robe; the human corpse of Psyche
b - a +0 shortbow (weapon)
Found a scroll labelled OMAPTU GABOH.
Found a robe.
Gastronok the Ponderous comes into view.
He is wearing a +0 hat of willpower.
Gastronok gurgles horribly!
a - a +3 war axe (weapon)
Gastronok waves his eye-stalks in wide circles.
The air twists around and strikes you!!
Blink to where?
As you read the scroll of blinking, it crumbles to dust.
You hit Gastronok. You headbutt Gastronok!
Gastronok bites you but does no damage.
You slash Gastronok! You hit Gastronok. Gastronok bites you!
* * * LOW HITPOINT WARNING * * *
You slice Gastronok!! Your headbutt misses Gastronok.
You barely miss Gastronok.
Gastronok chants a spell, wobbling all the while.
Unknown command.
You hit Gastronok but do no damage. You slash the bat!
You kill the bat!
The bat's corpse disappears in a puff of smoke!
You hit the quokka.
You kill the quokka!
The quokka's corpse disappears in a puff of smoke!
Gastronok gurgles, "I bet you'll be tasty."
Gastronok bites you!!
* * * LOW HITPOINT WARNING * * *
You slash Gastronok! You hit the river rat but do no damage.
The river rat bites you but does no damage.
Unknown command.
You slice Gastronok!! You headbutt Gastronok. You barely miss the river rat.
The river rat bites you but does no damage.
Gastronok bites you but does no damage.
Unknown command.
You hit Gastronok. You barely miss the river rat.
The river rat bites you but does no damage.
Unknown command.
You slash Gastronok! You hit the river rat. The river rat misses you.
Gastronok casts a spell.
Gastronok puts on a burst of speed!
You barely miss Gastronok. You slash the river rat!
You kill the river rat!
The river rat's corpse disappears in a puff of smoke!
You hit Gastronok. You punch Gastronok. Gastronok bites you!!
You die...

###
#...#######.
###.........
#....####
#...[?.#
#.#....# .
#.#....#
...#.#....#
........#.#
#§@#.#
#...w.#
#.§§###
#.... #....
#....#
##.... ###.#


You could see Gastronok (swift).

Vanquished Creatures
  Maggie (D:7)
  Psyche (D:8)
  A troll (D:7)
  A wraith (D:7)
  2 steam dragons
  A water moccasin (D:7)
  2 ice beasts (D:7)
  4 centaurs
  A bullfrog (D:7)
  3 scorpions
  3 necrophages
  3 wights (D:6)
  4 hounds
  3 jellies
  2 orc priests
  3 iguanas
  An iron imp (D:3)
  Jessica (D:2)
  2 orc wizards
  3 gnolls (D:5)
  3 adders
  A white imp (D:7)
  3 ufetubi
  A worm (D:2)
  4 dart slugs
  10 orcs
  2 bats
  5 endoplasms
  A giant cockroach (D:3)
  8 goblins
  2 hobgoblins (D:3)
  4 jackals (D:4)
  A quokka (D:4)
  6 ball pythons
  2 frilled lizards
  4 kobolds
  7 rats
106 creatures vanquished.

Notes
Turn   | Place    | Note
-------+----------+-------------------------------------------
     0 | D:1      | Pooter the Minotaur Hunter began the quest for the Orb.
     0 | D:1      | Reached XP level 1. HP: 18/18 MP: 0/0
   102 | D:1      | Found a faded altar of an unknown god.
   343 | D:1      | Reached skill level 1 in Stealth
   514 | D:1      | Reached XP level 2. HP: 25/25 MP: 1/1
   625 | D:1      | Found Finkeuve's Vocational Training.
   826 | D:2      | Noticed Jessica
   836 | D:2      | Killed Jessica
   837 | D:2      | Reached skill level 1 in Armour
   837 | D:2      | Reached XP level 3. HP: 30/30 MP: 2/2
   859 | D:2      | Identified the ring of the Shining One's Whim {rC+ Int+2
                  | Slay+3}
  1224 | D:2      | Reached skill level 1 in Staves
  1383 | D:3      | Reached skill level 5 in Ranged Weapons
  1419 | D:3      | Reached XP level 4. HP: 35/38 MP: 3/3
  1952 | D:3      | Reached skill level 1 in Throwing
  1952 | D:3      | Reached XP level 5. HP: 45/45 MP: 4/4
  1965 | D:3      | Found a snail-covered altar of Cheibriados.
  2783 | D:4      | Found an iron altar of Okawaru.
  2877 | D:4      | Reached XP level 6. HP: 43/52 MP: 5/5
  3078 | D:4      | Got the Discourse on the Geological Summer
  3379 | D:5      | Entered Level 5 of the Dungeon
  3457 | D:5      | Reached skill level 6 in Ranged Weapons
  3624 | D:5      | Reached skill level 1 in Axes
  3760 | D:5      | You fall into a shaft and drop 2 floors!
  3855 | D:5      | Reached XP level 7. HP: 59/59 MP: 6/6
  4190 | D:5      | Noticed a steam dragon
  4203 | D:5      | Killed a steam dragon
  4204 | D:5      | Reached skill level 7 in Ranged Weapons
  4209 | D:5      | Reached skill level 5 in Fighting
  4651 | D:6      | Reached XP level 8. HP: 5/62 MP: 7/7
  5005 | D:6      | Found a staircase to the Ecumenical Temple.
  5014 | D:6      | Reached skill level 5 in Axes
  5039 | Temple   | Entered the Ecumenical Temple
  5056 | Temple   | Became a worshipper of Trog the Wrathful
  5273 | D:6      | Reached skill level 8 in Ranged Weapons
  5883 | D:7      | Reached skill level 1 in Evocations
  5898 | D:7      | Noticed a troll
  5908 | D:7      | Killed a troll
  5909 | D:7      | Reached XP level 9. HP: 77/77 MP: 8/8
  6050 | D:7      | Reached skill level 9 in Ranged Weapons
  6193 | D:7      | Noticed Maggie
  6203 | D:7      | Killed Maggie
  6361 | D:7      | Found a huge runed translucent gate.
  6361 | D:7      | Found a huge runed translucent gate.
  6361 | D:7      | Found a huge runed translucent gate.
  6361 | D:7      | Found a huge runed translucent gate.
  6361 | D:7      | Noticed a polar bear
  6361 | D:7      | Noticed a manticore
  6361 | D:7      | Noticed a polar bear
  6361 | D:7      | Noticed a death yak
  6362 | D:7      | Noticed a manticore
  6362 | D:7      | Noticed a polar bear
  6362 | D:7      | Noticed a death yak
  6362 | D:7      | Noticed a polar bear
  6743 | D:8      | Noticed Prince Ribbit
  7034 | D:8      | Noticed Psyche
  7040 | D:8      | Killed Psyche
  7062 | D:8      | Noticed Gastronok
  7076 | D:8      | Demolished by Gastronok

Illustrated notes

Levels and vault maps discovered:
D:1:      ncdulo_wetmaze, layout_basic, shapermc_ecumenical_altar_pompeii,
          nicolae_shop_vocational
D:2:      layout_basic, nicolae_elevator_lobby_plus, uniq_jessica
D:3:      layout_basic, slow_altar_1, grunt_decor_mini_mirrors
D:4:      layout_basic, general_overflow_altar
D:5:      layout_loops_ring
D:6:      layout_gridville, minmay_temple_entry_crystal_x
D:7:      lemuel_bear_cage, layout_basic, uniq_crazy_yiuf_cottage, uniq_maggie
D:8:      minmay_klotski, layout_basic, uniq_pikel, uniq_gastronok, uniq_psyche,
          uniq_prince_ribbit1
Temple:   nicolae_temple_ecumenical_triangle

Skill      XL: |  1  2  3  4  5  6  7  8  9 |
---------------+----------------------------+-----
Stealth        | 1 2 |  2.3
Armour         | 1 2 |  2.8
Fighting       | 3 4 5 6 7 |  7.0
Staves         | 1 2 |  2.7
Ranged Weapons | 5 6 7 8 9 |  9.7
Throwing       | 1 2 |  2.0
Axes           | 1 4 6 8 |  8.1
Evocations     | 1 2 |  2.6
Dodging        | |  2.1

Action                   |  1- 3 |  4- 6 |  7- 9 || total
-------------------------+-------+-------+-------++-------
Melee: Whip              |     2 |       |       ||     2
       Spear             |     4 |       |       ||     4
       Quarterstaff      |     6 |    42 |       ||    48
       Headbutt          |     2 |     9 |    24 ||    35
       War axe           |       |     9 |    74 ||    83
       Morningstar       |       |       |    11 ||    11
       Punch             |       |       |     1 ||     1
 Fire: Shortbow          |    46 |    63 |    66 ||   175
Evoke: Wand              |       |       |     5 ||     5
  Use: Scroll            |     6 |     3 |     9 ||    18
       Potion            |       |     1 |       ||     1
 Stab: Paralysed         |       |       |     6 ||     6
Armor: Plate armour      |    28 |    75 |    57 ||   160
Dodge: Dodged            |     5 |    26 |    37 ||    68

Table legend: (Time is in decaauts)
 A = Elapsed time spent in this place.
 B = Non-inter-level travel time spent in this place.
 C = Inter-level travel time spent in this place.
 D = Time resting spent in this place.
 E = Time spent auto-exploring this place.
 F = Levels seen in this place.
 G = Mean time per level.
                   A        B        C        D        E       F      G
               +--------+--------+--------+--------+--------+-----+--------+
         Total |   7210 |   7048 |    162 |   1627 |   4232 |   9 |  801.1 |
       Dungeon |   7175 |   7029 |    146 |   1627 |   4232 |   8 |  896.9 |
        Temple |     34 |     18 |     16 |      0 |      0 |   1 |   34.0 |
               +--------+--------+--------+--------+--------+-----+--------+

Top non-repeatable levels by time:
     D:6: 1222 daAuts
     D:5: 1157 daAuts
     D:3: 1127 daAuts
     D:4: 943 daAuts
     D:7: 938 daAuts
     D:1: 846 daAuts
     D:2: 547 daAuts
     D:8: 392 daAuts
  Temple: 34 daAuts
